 Dungeon Crawl Stone Soup version 0.23.2-1-ga50397a (webtiles) character file.

Game seed: 3708114115389182191

223 doot the Stinger (level 6, 0/41 HPs)
             Began as a Formicid Venom Mage on May 5, 2019.
             Was an Initiate of Vehumet.
             Slain by a bullfrog skeleton (2 damage)
             ... on level 4 of the Dungeon.
             The game lasted 00:12:24 (4619 turns).

doot the Stinger (Formicid Venom Mage)              Turns: 4619, Time: 00:12:25

Health: 0/41       AC:  3    Str: 14 (15) XL:     6   Next: 20%
Magic:  12/12      EV: 17    Int: 20 (22) God:    Vehumet [......]
Gold:   237        SH:  0    Dex: 11 (14) Spells: 3/13 levels left

rFire    + . .     SeeInvis +   (no weapon)
rCold    + . .     Gourm    .   (no shield)
rNeg     . . .     Faith    .   j - +1 robe (curse)
rPois    +         Spirit   .   (helmet unavailable)
rElec    +         Reflect  .   (no cloak)
rCorr    +         Harm     .   (no gloves)
MR       .....                  (no boots)
Stlth    +++.......             (no amulet)
HPRegen  0.13/turn              p - +3 ring of strength
MPRegen  0.13/turn              r - -2 ring of dexterity (curse)

@: brilliant, agile, resistant
A: permanent stasis, dig shafts and tunnels, four strong arms, antennae 3
a: Dig, Shaft Self, Renounce Religion


You were on level 4 of the Dungeon.
You worshipped Vehumet.
Vehumet was noncommittal.
You were very hungry.

You visited 1 branch of the dungeon, and saw 4 of its levels.

You collected 237 gold pieces.

Inventory:

Hand Weapons
 d - a +1 dagger
Missiles
 h - 6 silver tomahawks (quivered)
Armour
 a - a +0 robe
 j - a cursed +1 robe (worn)
Jewellery
 p - a +3 ring of strength (left hand)
 r - a cursed -2 ring of dexterity (right hand)
Scrolls
 b - 2 scrolls of fog
 e - 3 scrolls of identify
 k - a scroll of enchant armour
 m - a scroll of fear
Potions
 i - a potion of resistance
 l - 3 potions of curing
Comestibles
 c - 5 rations


   Skills:
 + Level 0.1 Fighting
 + Level 2.2 Dodging
 + Level 2.8 Stealth
 + Level 4.4 Spellcasting
 + Level 1.6 Conjurations
 + Level 5.8 Poison Magic


You had 3 spell levels left.
You knew the following spells:

 Your Spells              Type           Power        Failure   Level  Hunger
a - Sting                 Conj/Pois      ####         1%          1    None
b - Olgreb's Toxic Radia  Pois           #####...     1%          4    ####...
c - Venom Bolt            Conj/Pois      ####......   9%          5    ######.

Your spell library contained the following spells:

 Spells                   Type           Power        Failure   Level  Hunger
 Poisonous Vapours        Pois/Air       ####..       1%          2    #......
 Mephitic Cloud           Conj/Pois/Air  ####....     1%          3    ###....


Dungeon Overview and Level Annotations

Branches:
Dungeon (4/15)
 Temple: D:4-7

Altars:
Uskayaw
Vehumet
Wu Jian
Xom
Yredelemnul

Annotations:
D:3 3 runed translucent doors, RatmanManrat's ghost, amateur MiBe; Valentain's ghost, amateur DDNe


Innate Abilities, Weirdness & Mutations

You cannot be hasted, slowed, berserked, paralysed or teleported.
You can dig through walls and to a lower floor.
Your four strong arms can wield two-handed weapons with a shield.
You have a pair of large antennae on your head. (SInv)


Message History

The bullfrog skeleton barely misses you.
It was a potion of brilliance.
You feel clever all of a sudden.
The bullfrog skeleton completely misses you.
The bullfrog skeleton barely misses you.
The bullfrog skeleton hits you.
* * * LOW HITPOINT WARNING * * *
The bullfrog skeleton hits you.
* * * LOW HITPOINT WARNING * * *
The bullfrog skeleton hits you.
* * * LOW HITPOINT WARNING * * *
You feel better.
The bullfrog skeleton barely misses you.
Okay, then.
The bullfrog skeleton misses you.
The bullfrog skeleton barely misses you.
The bullfrog skeleton hits you.
* * * LOW HITPOINT WARNING * * *
The bullfrog skeleton hits you.
You die...

##....####.###.# #.#
#.#### #.# #.# #.# #.#
#.###.###.# ##'##
#.........# ##...##
#........## ##.....##
#.###!##.# #.......##
#.#.#.##.#
#.[.......###Z....##.#
+.........'..@....##.#
#.........###.....##.#
##.......## #.#.#..#.#
##.....## #........
##...## ######.## ##+#
#


You could see a bullfrog skeleton.

Vanquished Creatures
  An orc wizard (D:4)
  An iguana (D:4)
  A worker ant (D:2)
  A gnoll (D:1)
  5 adders
  3 worms
  2 dart slugs (D:1)
  2 leopard geckos (D:1)
  7 orcs
  2 giant cockroaches
  6 goblins
  9 hobgoblins
  5 jackals
  2 quokkas
  3 ball pythons
  7 bats
  3 frilled lizards (D:3)
  5 kobolds
  9 rats
74 creatures vanquished.

Notes
Turn   | Place    | Note
-------+----------+-------------------------------------------
     0 | D:1      | doot the Formicid Venom Mage began the quest for the Orb.
     0 | D:1      | Reached XP level 1. HP: 13/13 MP: 3/3
   379 | D:1      | Reached XP level 2. HP: 16/19 MP: 0/5
   811 | D:1      | Reached XP level 3. HP: 20/24 MP: 0/6
   924 | D:1      | Reached skill level 1 in Conjurations
  1527 | D:1      | Reached skill level 5 in Poison Magic
  1675 | D:2      | Reached XP level 4. HP: 30/30 MP: 4/8
  1714 | D:2      | Found a basalt altar of Yredelemnul.
  1767 | D:2      | Learned a level 4 spell: Olgreb's Toxic Radiance
  2071 | D:2      | Found an ornate altar of the Wu Jian Council.
  2676 | D:3      | Reached XP level 5. HP: 35/35 MP: 3/10
  2683 | D:3      | Learned a level 5 spell: Venom Bolt
  3119 | D:3      | Found a hide-covered altar of Uskayaw.
  3145 | D:3      | Found a shimmering altar of Xom.
  3240 | D:3      | Found a runed translucent gate.
  3241 | D:3      | Found a runed translucent gate.
  3243 | D:3      | Found a runed translucent gate.
  3244 | D:3      | Noticed RatmanManrat's ghost (amateur MiBe)
  3244 | D:3      | Noticed Valentain's ghost (amateur DDNe)
  3381 | D:3      | Found a radiant altar of Vehumet.
  3389 | D:3      | Became a worshipper of Vehumet
  4243 | D:4      | Reached XP level 6. HP: 41/41 MP: 1/12
  4595 | D:4      | HP: 2/41 [bullfrog skeleton (4)]
  4610 | D:4      | HP: 1/41 [bullfrog skeleton (6)]
  4619 | D:4      | HP: 2/41 [bullfrog skeleton (5)]
  4619 | D:4      | Slain by a bullfrog skeleton

Skill      XL: |  1  2  3  4  5 |
---------------+----------------+-----
Conjurations   | 1 |  1.6
Spellcasting   | 3 4 |  4.4
Poison Magic   | 5 |  5.8
Dodging        | 2 |  2.2
Fighting       | |  0.1
Stealth        | |  2.8

Action                   |  1- 3 |  4- 6 || total
-------------------------+-------+-------++-------
Melee: Unarmed           |     5 |       ||     5
Throw: Tomahawk          |     2 |     4 ||     6
 Cast: Sting             |    72 |    90 ||   162
       Olgreb's Toxic Ra |       |    12 ||    12
  Use: Potion            |       |     7 ||     7
       Scroll            |       |     6 ||     6
  Eat: Chunk             |     3 |    10 ||    13
Armor: Robe              |    19 |     4 ||    23
Dodge: Dodged            |    58 |    43 ||   101
